 Dungeon Crawl Stone Soup version 0.31-a0-175-g9f7f995f2b (webtiles) character file.

Game seed: 6902121193957258453

151781 qw the Peltast (level 17, -1/111 HPs)
             Began as a Gargoyle Fighter on June 16, 2023.
             Was a High Priest of Okawaru.
             Slain by a four-headed hydra (5 damage)
             ... called by a spriggan druid
             ... on level 1 of the Swamp.
             The game lasted 00:20:19 (28427 turns).

qw the Peltast (Gargoyle Fighter)                  Turns: 28427, Time: 00:20:19

Health: -1/111     AC: 42    Str: 32    XL:     17   Next: 56%
Magic:  19/22      EV: 11    Int: 11    God:    Okawaru [*****.]
Gold:   680        SH: 20    Dex:  6    Spells: 16/16 levels left

rFire   + . .        b - -1 demon whip (venom)
rCold   + + +        H - +0 tower shield
rNeg    + . .        u - +4 chain mail {rF+}
rPois   inf          w - +2 helmet
rElec   +            i - +0 cloak
rCorr   .            z - +0 pair of gloves of a Million Mystics {rPois rC+++ Will- Dex-3}
SInv    +            s - +2 pair of boots of the Twenty Dances {rElec Will+}
Will    +....        D - amulet of regeneration Stlth
                     h - +6 ring of strength
HPRegen 1.18/turn    p - ring of see invisible
MPRegen 0.18/turn

%: no passive effects
@: about to teleport, heroic, finesse-ful, flying
A: sickness immunity, AC +12, big wings, negative energy resistance 1,
electricity resistance, torment resistance 1, petrification resistance, low MP
1, subdued magic 1
a: Renounce Religion, Heroism, Finesse, Duel


You were on level 1 of the Swamp.
You worshipped Okawaru.
Okawaru was extremely pleased with you.
You visited 5 branches of the dungeon, and saw 26 of its levels.
You also visited: Sewer.

You collected 2412 gold pieces.
You spent 1732 gold pieces at shops.


Innate Abilities, Weirdness & Mutations

You are immune to sickness and miasma.
Your stone body is resilient. (AC +12)
You are immune to poison.
Your large and strong wings let you fly.
You resist negative energy. (rN+)
You are resistant to electric shocks. (rElec)
You are resistant to unholy torment.
You are immune to petrification.
Your magical capacity is low. (-10% MP)
Your spells are a little easier to cast, but a little less powerful.


   Skills:
 + Level 14.2(19.2) Fighting
 - Level 16.0(21.0) Axes
 - Level 8.0(13.0) Throwing
 - Level 12.0(17.0) Armour
 - Level 3.0(8.0) Dodging
 - Level 18.0(23.0) Shields
 - Level 10.0 Invocations


You had 16 spell levels left.
You didn't know any spells.
Your spell library was empty.

Inventory:

Hand Weapons
 b - a -1 demon whip of venom (weapon)
 k - a +4 vampiric war axe
 m - a +2 morningstar of freezing
 n - a +3 broad axe of electrocution
 A - the +4 consecrated labrys {holy, Valiant Fragile Fly SInv}
   (You acquired it on level 12 of the Dungeon)

   Valiant:   It becomes more powerful as more dangerous foes come into view.
   SInv:      It lets you see invisible.
   Fly:       It grants you flight.
   Fragile:   It will be destroyed if unequipped.
Missiles
 E - 4 boomerangs
 G - a silver boomerang (quivered)
 I - a silver javelin
Armour
 i - a +0 cloak (worn)
 s - the +2 pair of boots of the Twenty Dances (worn) {rElec Will+}
   (Okawaru gifted it to you on level 1 of the Lair of Beasts)

   rElec:     It insulates you from electricity.
   Will:      It increases your willpower.
 u - a +4 chain mail of fire resistance (worn)
 w - a +2 helmet (worn)
 x - a +2 plate armour of poison resistance
 z - the +0 pair of gloves of a Million Mystics (worn) {rPois rC+++ Will- Dex-3}
   (You found it on level 5 of the Lair of Beasts)

   Dex:       It affects your dexterity (-3).
   rC:        It renders you almost immune to cold.
   rPois:     It protects you from poison.
   Will:      It decreases your willpower.
 C - a +2 pair of gloves
 H - a +0 tower shield (worn)
Jewellery
 c - a ring of positive energy
 g - a ring of fire
 h - a +6 ring of strength (left hand)
 p - a ring of see invisible (right hand)
 r - a ring of protection from fire
 B - a ring of protection from cold
 D - an amulet of regeneration (around neck)
Wands
 q - a wand of digging (8)
Scrolls
 j - 16 scrolls of identify
 y - a scroll of teleportation
Potions
 a - 10 potions of curing
 d - 5 potions of might
 e - 5 potions of cancellation
 f - 5 potions of attraction
 l - 5 potions of lignification
 o - 4 potions of haste
 t - a potion of resistance
 v - 3 potions of mutation
 F - a potion of degeneration {unknown}

Dungeon Overview and Level Annotations

Branches:
Dungeon (15/15)            Temple (0/1) D:7            Lair (5/5) D:11
  Swamp (1/4) Lair:2        Snake (3/4) Lair:3        Slime (0/5) Lair:4
    Orc (2/2) D:10            Elf (0/3) Orc:2        Vaults (0/5) D:14
 Depths (0/4) D:15          Sewer (visited)

Altars:
Ashenzari
Fedhas
Gozag
Kikubaaqudgha
Makhleb
Nemelex Xobeh
Okawaru
Qazlal
Ru
Uskayaw
Vehumet
Zin
The Shining One
Lugonu

Shops:
D:5 [=(**   D:12 !   Orc:1 [   Orc:2 [*?*

Portals:
Abyss: Lair:5
Trove: D:11 (give +3 gold dragon scales)

Annotations:
D:7 exclusions: 4 electric eels and 6 lava snakes
D:12 1 runed translucent door, Roubeug's ghost, journeyman FeBe
Snake:3 1 runed translucent door, qw's ghost, adept GrHu
Orc:2 3 runed translucent doors, qw's ghost, adept GrHu


Message History

You feel strangely unstable.
Trunks creak and shift.
A root smacks you from below.
The briar patch crumbles away.
You block the spriggan's attack. You block the swamp worm's attack.
The four-headed hydra bites you but does no damage.
The four-headed hydra barely misses you.
The four-headed hydra bites you but does no damage. x2
The swamp worm bites you.
The eleionoma hits you but does no damage.
The thorn hunter hits you but does no damage.
You block the thorn hunter's attack.
The spriggan druid splashes around in the water.
You thrash the eleionoma!!
The eleionoma looks as sick as possible!
The eleionoma is moderately wounded.
A root smacks you from below. You block the spriggan's attack.
You block the swamp worm's attack.
The will-o-the-wisp blinks!
You whack the eleionoma!
The eleionoma is heavily wounded.
The four-headed hydra bites you but does no damage. x2
You block the four-headed hydra's attack. x2
The swamp worm bites you but does no damage.
You whack the eleionoma!
The eleionoma looks as sick as possible!
The eleionoma is severely wounded.
The thorn hunter misses you. You block the thorn hunter's attack.
The eleionoma hits you but does no damage.
You hit the eleionoma.
The eleionoma looks as sick as possible!
The eleionoma is severely wounded.
The swamp worm bites you! You block the spriggan druid's attack.
You whack the eleionoma!
The eleionoma looks as sick as possible!
The eleionoma is almost dead.
You are waved at by a branch.
You block the spriggan's attack. You block the swamp worm's attack.
The four-headed hydra bites you but does no damage.
The four-headed hydra closely misses you.
The four-headed hydra bites you.
You die... 77~~.7 777777

77777..~.7
77~.~¤P777P7PPPPP~7
7.~~~~PPP.PPP~P7P.77
~.~¤/.~.~~~~~~~~7.~7
~~~~~~~.~~~~.~¤%7~~7
~¤...~..i~..~~~..<.7
.~~~.7.7D7i~~.~~7..7
.7.~.~.¤i@Ri~.~~~7.7
...~~7.~wfw~~.~.....7
~.~7~.~~.~¤...~.~.~.7
~.7.>~~..~~~~~~~~~~~.
~7.~~~~~...~~~¤...~~
7~~~~.~~¤~~~~....~~.
7..¤......~~~~
77.~~7777.....


You could see a thorn hunter, an eleionoma (extremely poisoned), a four-headed
hydra, a spriggan druid, 2 swamp worms and 3 spriggans.

Vanquished Creatures
  Jorgrun (Snake:1)
  Mlioglotl (Snake:2)
  Agnes (D:14)
  A nagaraja (Snake:3)
  Aizul (Snake:2)
  An eleionoma (Swamp:1)
  Harold (Orc:1)
  5 hydras
  A salamander tyrant (Snake:3)
  6 anacondas
  A death knight (D:14)
  6 centaur warriors
  5 boulder beetles
  27 two-headed ogres
  Erica (Lair:2)
  5 ogre magi
  A death yak (Lair:5)
  6 naga warriors
  An orc high priest (Orc:1)
  A tengu warrior (D:14)
  7 naga sharpshooters
  3 thrashing horrors (Lair:5)
  6 shock serpents
  Amaemon (Lair:2)
  2 sea snakes (Snake:1)
  11 skeletal warriors
  A skyshark (Lair:3)
  4 salamander mystics
  2 naga ritualists
  3 bog bodies
  2 orc knights
  A necromancer (D:15)
  A wolf spider zombie (D:15)
  An oklob plant (Lair:1)
  A large abomination (Lair:5)
  16 ugly things
  A deep elf pyromancer (D:15)
  4 manticores
  5 orc sorcerers
  5 mana vipers
  3 cyclopes
  17 salamanders
  22 black mambas
  3 elephants (Lair:5)
  10 slime creatures
  An eye of devastation (Lair:4)
  18 naga magi
  An orange demon (Lair:2)
  A gargoyle (D:13)
  7 cane toads
  A torpor snail (Lair:5)
  5 centaur skeletons
  3 kobold demonologists
  Psyche (D:8)
  2 unseen horrors (D:12)
  3 rime drakes
  4 yaktaurs (D:14)
  Maggie (Lair:1)
  6 komodo dragons
  A freezing wraith (D:14)
  2 ancient zymes (Lair:5)
  8 trolls
  32 blink frogs
  A tyrant leech (Swamp:1)
  2 harpy skeletons
  3 wraiths
  A centaur simulacrum (D:15)
  3 shadows
  5 wyverns
  A ynoxinul (Lair:5)
  5 humans (D:8)
  A yak (shapeshifter) (Lair:5)
  3 fire bats (Lair:1)
  2 vampires
  43 yaks
  6 basilisks
  A redback simulacrum (D:15)
  4 chaos spawn (Lair:5)
  2 steam dragons
  8 vampire mosquitoes
  A swamp worm (Swamp:1)
  24 nagas
  Edmund (D:6)
  2 wargs (Orc:1)
  An acid dragon (D:12)
  13 water moccasins
  A floating eye (Lair:5)
  A black bear (shapeshifter) (D:13)
  4 black bears
  An ice beast (D:7)
  16 orc warriors
  2 sky beasts
  8 wolves
  35 ogres
  12 centaurs
  9 kobold brigands
  14 small abominations (Lair:5)
  13 bullfrogs
  A scorpion (D:5)
  A gnoll sergeant (D:10)
  12 wights
  7 killer bees (D:10)
  3 howler monkeys
  8 electric eels
  2 lava snakes (Lair:3)
  2 hounds
  A jelly (D:8)
  17 orc priests
  A gnoll bouda (Orc:1)
  A sleepcap (D:6)
  3 iguanas
  12 orc wizards
  Terence (D:2)
  11 gnolls
  10 river rats (Sewer)
  7 adders
  2 shadow imps
  3 white imps
  An ufetubus (D:3)
  2 worms (D:6)
  4 dart slugs
  45 orcs
  6 endoplasms
  A giant cockroach (D:2)
  9 goblins
  9 hobgoblins
  8 jackals
  46 kobolds
  4 quokkas
  11 ball pythons
  7 bats
  3 frilled lizards
  17 rats
829 creatures vanquished.

Notes
Turn   | Place    | Note
-------+----------+-------------------------------------------
     0 | D:1      | qw the Gargoyle Fighter began the quest for the Orb.
     0 | D:1      | Reached XP level 1. HP: 14/14 MP: 1/1
     0 | D:1      | 0 ||| qw: Version: 0.2-a-29-g511e9b1
     0 | D:1      | 0 ||| qw: Game counter: 1
     0 | D:1      | 0 ||| qw: Always use a shield: true
     0 | D:1      | 0 ||| qw: God list: Okawaru
     0 | D:1      | 0 ||| qw: Allow faded altars: false
     0 | D:1      | 0 ||| qw: Do Orc after D:15 true
     0 | D:1      | 0 ||| qw: Do second Lair branch before Depths: true
     0 | D:1      | 0 ||| qw: Lair rune preference: random
     0 | D:1      | 0 ||| qw: Plans: Normal, Zot:1-4, Slime:5, God:TSO, Crypt,
                  | Tomb, Abyss, Pan, Hells, Win
     0 | D:1      | 0 ||| PLANNING D:1-11
   172 | D:1      | Reached XP level 2. HP: 19/19 MP: 2/2
   723 | D:1      | Reached skill level 3 in Axes
   723 | D:1      | Reached XP level 3. HP: 11/23 MP: 3/3
  1005 | D:1      | 1005 ||| READING scroll labelled RIPTUD ACOTIBBA.
  1006 | D:1      | 1006 ||| READING scroll labelled WITU CUEHYGRE.
  1006 | D:1      | Identified a scroll of acquirement
  1006 | D:1      | 1006 ||| ACQUIRING +1 cloak of the Abyss {rElec rN++ Str-4}
  1006 | D:1      | Acquired the +1 cloak of the Abyss {rElec rN++ Str-4}
  1008 | D:1      | 1008 ||| UPGRADING to +1 cloak of the Abyss {rElec rN++
                  | Str-4}.
  1013 | D:1      | 1013 ||| READING scroll labelled EKIUCVE ZOFA.
  1014 | D:1      | 1014 ||| READING 2 scrolls labelled OMI UNIACINKE.
  1152 | D:2      | 1152 ||| Stepping ~*~*~tactically~*~*~ (stealth).
  1163 | D:2      | 1163 ||| Stepping ~*~*~tactically~*~*~ (stealth).
  1281 | D:2      | 1281 ||| Stepping ~*~*~tactically~*~*~ (stealth).
  1319 | D:2      | 1319 ||| Stepping ~*~*~tactically~*~*~ (hiding).
  1321 | D:2      | 1321 ||| Stepping ~*~*~tactically~*~*~ (hiding).
  1322 | D:2      | 1322 ||| Stepping ~*~*~tactically~*~*~ (hiding).
  1356 | D:2      | 1356 ||| DROPPING +0 club.
  1405 | D:2      | 1405 ||| Stepping ~*~*~tactically~*~*~ (stealth).
  1762 | D:2      | Reached XP level 4. HP: 28/28 MP: 4/4
  1788 | D:2      | Found a faded altar of an unknown god.
  1788 | D:2      | Noticed a Tzitzimitl
  1948 | D:2      | Noticed Terence
  1961 | D:2      | Killed Terence
  1974 | D:2      | 1974 ||| UPGRADING to +0 cloak.
  1984 | D:2      | 1984 ||| DROPPING +1 cloak of the Abyss {rElec rN++ Str-4}.
  1985 | D:2      | 1985 ||| UPGRADING to +6 ring of strength.
  1986 | D:2      | 1986 ||| READING scroll labelled JEM ZIOSYZOIL.
  1987 | D:2      | 1987 ||| READING scroll labelled VUUHUH PESIWNO.
  2040 | D:3      | Reached XP level 5. HP: 11/32 MP: 5/5
  2203 | D:3      | 2203 ||| Stepping ~*~*~tactically~*~*~ (hiding).
  2384 | D:3      | 2384 ||| Stepping ~*~*~tactically~*~*~ (hiding).
  2589 | D:3      | 2589 ||| Stepping ~*~*~tactically~*~*~ (stealth).
  2746 | D:3      | 2746 ||| READING scroll labelled XUDIYH CUXUNK.
  2839 | D:4      | Noticed an ogre
  2847 | D:4      | Killed an ogre
  2848 | D:4      | Reached XP level 6. HP: 37/37 MP: 6/6
  2863 | D:4      | 2863 ||| Stepping ~*~*~tactically~*~*~ (stealth).
  2865 | D:4      | 2865 ||| Stepping ~*~*~tactically~*~*~ (stealth).
  2927 | D:4      | HP: 5/37 [ogre/+0 giant club (14)]
  2928 | D:4      | 2928 ||| READING scroll of teleportation.
  2930 | D:4      | Reached skill level 1 in Dodging
  3563 | D:4      | 3563 ||| UPGRADING to +0 pair of boots.
  3568 | D:4      | 3568 ||| READING scroll labelled ROTOQ FIUTOCZI.
  3569 | D:4      | 3569 ||| READING 2 scrolls labelled KERGHI DOESOPE.
  3570 | D:4      | 3570 ||| READING scroll labelled ARUESASSAO.
  3571 | D:4      | 3571 ||| DRINKING 2 red potions.
  3572 | D:4      | 3572 ||| DROPPING scroll of noise.
  3612 | D:5      | Entered Level 5 of the Dungeon
  3622 | D:5      | HP: 7/37 [orc priest/divine providence (16)]
  3826 | D:5      | Found Bilo's Jewellery Shoppe.
  3844 | D:5      | Found Astutoz's Armour Shoppe.
  3845 | D:5      | 3845 ||| SHOPLISTING +4 ring of protection (540 gold, have
                  | 335).
  3845 | D:5      | 3845 ||| SHOPLISTING +6 ring of strength (540 gold, have
                  | 335).
  3845 | D:5      | 3845 ||| SHOPLISTING amulet "Huusyc" {rElec rPois Regen+
                  | Int-2 Slay+4} (912 gold, have 335).
  3845 | D:5      | 3845 ||| SHOPLISTING amulet of faith (600 gold, have 335).
  3845 | D:5      | 3845 ||| BUYING ring of see invisible (225 gold).
  3845 | D:5      | Bought a ring of see invisible for 225 gold pieces
  3854 | D:5      | Reached XP level 7. HP: 44/44 MP: 7/7
  3857 | D:5      | 3857 ||| SHOPLISTING +0 leather armour of Noon {rF+ Will+}
                  | (280 gold, have 110).
  3857 | D:5      | 3857 ||| BUYING +0 pair of gloves (58 gold).
  3857 | D:5      | Bought a +0 pair of gloves for 58 gold pieces
  3857 | D:5      | 3857 ||| SHOPLISTING +1 pair of gloves of hurling (214
                  | gold, have 52).
  3857 | D:5      | 3857 ||| SHOPLISTING +3 crown of Dyrovepreva {rElec Int+2
                  | SInv} (538 gold, have 52).
  3857 | D:5      | 3857 ||| SHOPLISTING +3 leather armour of cold resistance
                  | (312 gold, have 52).
  3889 | D:5      | 3889 ||| READING scroll of enchant weapon.
  3889 | D:5      | 3889 ||| ENCHANTING +1 vampiric war axe.
  3973 | D:5      | 3973 ||| Stepping ~*~*~tactically~*~*~ (stealth).
  3989 | D:5      | 3989 ||| Stepping ~*~*~tactically~*~*~ (hiding).
  4002 | D:5      | 4002 ||| DRINKING 2 potions of curing.
  4002 | D:5      | 4002 ||| (to cure confusion)
  4006 | D:5      | 4006 ||| DRINKING potion of curing.
  4006 | D:5      | 4006 ||| (to cure confusion)
  4009 | D:5      | Reached skill level 6 in Axes
  4081 | D:5      | Found Femm's Weapon Boutique.
  4091 | D:5      | Found Exeaseu's Assorted Antiques.
  4092 | D:5      | 4092 ||| BUYING +0 morningstar (56 gold).
  4092 | D:5      | Bought a +0 morningstar for 56 gold pieces
  4092 | D:5      | 4092 ||| DROPPING +0 whip of electrocution.
  4100 | D:5      | 4100 ||| SHOPLISTING fizzy amethyst potion (32 gold, have
                  | 26).
  4100 | D:5      | 4100 ||| SHOPLISTING glowing buckler (270 gold, have 26).
  4100 | D:5      | 4100 ||| SHOPLISTING puce potion (32 gold, have 26).
  4100 | D:5      | 4100 ||| SHOPLISTING scroll of identify (72 gold, have 26).
  4118 | D:5      | Found Kucasiuw's General Store.
  4127 | D:5      | 4127 ||| SHOPLISTING +3 chain mail of positive energy (305
                  | gold, have 26).
  4127 | D:5      | 4127 ||| SHOPLISTING scroll of enchant armour (97 gold,
                  | have 26).
  4127 | D:5      | 4127 ||| BUYING scroll of identify (26 gold).
  4127 | D:5      | Bought a scroll of identify for 26 gold pieces
  4127 | D:5      | 4127 ||| SHOPLISTING scroll of teleportation (39 gold, have
                  | 0).
  4194 | D:5      | Found a sacrificial altar of Ru.
  4222 | D:5      | Found a broken altar of Ashenzari.
  4395 | D:5      | Found an iron altar of Okawaru.
  4396 | D:5      | 4396 ||| PLANNING OKAWARU WORSHIP
  4396 | D:5      | 4396 ||| UPGRADING to +0 pair of gloves.
  4401 | D:5      | 4401 ||| UPGRADING to ring of see invisible.
  4402 | D:5      | 4402 ||| READING scroll labelled ARUORY LEENAT.
  4403 | D:5      | 4403 ||| READING scroll labelled YNNEME ROAVOY.
  4404 | D:5      | 4404 ||| READING scroll labelled HIUNEO WAOKKI.
  4405 | D:5      | 4405 ||| READING 3 scrolls of identify.
  4405 | D:5      | 4405 ||| IDENTIFYING emerald potion
  4406 | D:5      | 4406 ||| READING 2 scrolls of identify.
  4406 | D:5      | 4406 ||| IDENTIFYING brown potion
  4407 | D:5      | 4407 ||| DROPPING potion of brilliance.
  4423 | D:5      | Found a glowing golden altar of the Shining One.
  4428 | D:5      | Became a worshipper of Warmaster Okawaru
  4429 | D:5      | 4429 ||| PLANNING D:1-11
  4431 | D:5      | Found a radiant altar of Vehumet.
  4431 | D:5      | Found a sparkling altar of Nemelex Xobeh.
  4431 | D:5      | Found a hide-covered altar of Uskayaw.
  4436 | D:5      | Found a burning altar of Makhleb.
  4437 | D:5      | Found a blossoming altar of Fedhas.
  4582 | D:6      | 4582 ||| PLANNING SEWER
  4678 | D:6      | 4678 ||| Stepping ~*~*~tactically~*~*~ (stealth).
  4682 | D:6      | 4682 ||| Stepping ~*~*~tactically~*~*~ (hiding).
  4683 | D:6      | 4683 ||| Stepping ~*~*~tactically~*~*~ (hiding).
  4964 | D:6      | Noticed Edmund
  4985 | D:6      | Killed Edmund
  4985 | D:6      | Reached * piety under Okawaru
  4986 | D:6      | Reached XP level 8. HP: 49/49 MP: 8/8
  5120 | D:6      | Reached skill level 1 in Invocations
  5160 | D:6      | Found a glowing drain.
  5164 | D:6      | 5164 ||| READING scroll labelled XAARAL PO RIWK.
  5180 | D:6      | 5180 ||| Stepping ~*~*~tactically~*~*~ (water).
  5192 | Sewer    | Entered a sewer
  5365 | Sewer    | 5365 ||| Stepping ~*~*~tactically~*~*~ (stealth).
  5371 | Sewer    | 5371 ||| Stepping ~*~*~tactically~*~*~ (stealth).
  5372 | Sewer    | 5372 ||| Stepping ~*~*~tactically~*~*~ (stealth).
  5573 | Sewer    | 5573 ||| Stepping ~*~*~tactically~*~*~ (hiding).
  5686 | Sewer    | Identified the +1 robe of Gravity {Will+}
  5866 | Sewer    | 5866 ||| DRINKING 3 white potions.
  5867 | Sewer    | 5867 ||| DRINKING 2 coppery potions.
  5893 | D:6      | 5893 ||| PLANNING D:1-11
  6077 | D:7      | 6077 ||| INVOKING Heroism.
  6086 | D:7      | Reached skill level 3 in Invocations
  6165 | D:7      | 6165 ||| INVOKING Heroism.
  6262 | D:7      | 6262 ||| INVOKING Heroism.
  6268 | D:7      | Reached skill level 6 in Fighting
  6284 | D:7      | 6284 ||| DROPPING +0 hand axe.
  6436 | D:7      | Reached XP level 9. HP: 47/55 MP: 12/12
  6468 | D:7      | Found a staircase to the Ecumenical Temple.
  6602 | D:7      | Found an opulent altar of Gozag.
  6602 | D:7      | Found a glowing silver altar of Zin.
  6735 | D:7      | 6735 ||| Stepping ~*~*~tactically~*~*~ (stealth).
  6737 | D:7      | 6737 ||| Stepping ~*~*~tactically~*~*~ (stealth).
  6740 | D:7      | 6740 ||| INVOKING Heroism.
  6780 | D:7      | 6780 ||| Stepping ~*~*~tactically~*~*~ (stealth).
  7191 | D:8      | 7191 ||| Stepping ~*~*~tactically~*~*~ (stealth).
  7194 | D:8      | 7194 ||| Stepping ~*~*~tactically~*~*~ (stealth).
  7195 | D:8      | 7195 ||| Stepping ~*~*~tactically~*~*~ (stealth).
  7218 | D:8      | Reached skill level 9 in Axes
  7256 | D:8      | Reached ** piety under Okawaru
  7260 | D:8      | 7260 ||| INVOKING Heroism.
  7267 | D:8      | Reached skill level 4 in Shields
  7385 | D:8      | 7385 ||| INVOKING Heroism.
  7431 | D:8      | 7431 ||| FLEEEEING.
  7432 | D:8      | 7432 ||| FLEEEEING.
  7433 | D:8      | 7433 ||| FLEEEEING.
  7437 | D:8      | 7437 ||| FLEEEEING.
  7438 | D:8      | 7438 ||| FLEEEEING.
  7443 | D:8      | 7443 ||| FLEEEEING.
  7556 | D:8      | 7556 ||| Stepping ~*~*~tactically~*~*~ (hiding).
  7559 | D:8      | 7559 ||| Stepping ~*~*~tactically~*~*~ (hiding).
  7560 | D:8      | 7560 ||| Stepping ~*~*~tactically~*~*~ (hiding).
  7615 | D:8      | 7615 ||| Stepping ~*~*~tactically~*~*~ (hiding).
  7649 | D:8      | 7649 ||| Stepping ~*~*~tactically~*~*~ (hiding).
  7689 | D:8      | 7689 ||| Stepping ~*~*~tactically~*~*~ (stealth).
  7728 | D:8      | 7728 ||| Stepping ~*~*~tactically~*~*~ (hiding).
  7866 | D:8      | 7866 ||| Stepping ~*~*~tactically~*~*~ (stealth).
  7893 | D:8      | 7893 ||| Stepping ~*~*~tactically~*~*~ (hiding).
  7894 | D:8      | 7894 ||| Stepping ~*~*~tactically~*~*~ (hiding).
  7903 | D:8      | Reached skill level 1 in Throwing
  7923 | D:8      | Noticed Psyche
  7924 | D:8      | 7924 ||| INVOKING Heroism.
  7936 | D:8      | Killed Psyche
  7936 | D:8      | Reached *** piety under Okawaru
  7937 | D:8      | Reached XP level 10. HP: 63/63 MP: 11/13
  8083 | D:8      | 8083 ||| INVOKING Heroism.
  8091 | D:8      | 8091 ||| Stepping ~*~*~tactically~*~*~ (stealth).
  8100 | D:8      | 8100 ||| Stepping ~*~*~tactically~*~*~ (stealth).
  8155 | D:8      | Found an ancient bone altar of Kikubaaqudgha.
  8164 | D:8      | 8164 ||| Stepping ~*~*~tactically~*~*~ (hiding).
  8165 | D:8      | 8165 ||| Stepping ~*~*~tactically~*~*~ (hiding).
  8166 | D:8      | 8166 ||| Stepping ~*~*~tactically~*~*~ (hiding).
  8167 | D:8      | 8167 ||| Stepping ~*~*~tactically~*~*~ (hiding).
  8177 | D:8      | 8177 ||| Stepping ~*~*~tactically~*~*~ (hiding).
  8178 | D:8      | 8178 ||| Stepping ~*~*~tactically~*~*~ (hiding).
  8179 | D:8      | 8179 ||| Stepping ~*~*~tactically~*~*~ (hiding).
  8184 | D:8      | 8184 ||| Stepping ~*~*~tactically~*~*~ (hiding).
  8185 | D:8      | 8185 ||| Stepping ~*~*~tactically~*~*~ (hiding).
  8186 | D:8      | 8186 ||| Stepping ~*~*~tactically~*~*~ (hiding).
  8324 | D:8      | 8324 ||| UPGRADING to +0 helmet.
  8329 | D:8      | 8329 ||| READING scroll labelled ROLIMOU BUEFIC.
  8401 | D:9      | 8401 ||| READING scroll of enchant armour.
  8401 | D:9      | 8401 ||| ENCHANTING +0 pair of gloves.
  8431 | D:9      | 8431 ||| Stepping ~*~*~tactically~*~*~ (stealth).
  8433 | D:9      | 8433 ||| Stepping ~*~*~tactically~*~*~ (stealth).
  8435 | D:9      | 8435 ||| Stepping ~*~*~tactically~*~*~ (stealth).
  8447 | D:9      | Received a gift from Okawaru
  8453 | D:9      | 8453 ||| INVOKING Heroism.
  8454 | D:9      | HP: 15/64 [orc priest/divine providence (12)]
  8455 | D:9      | 8455 ||| READING scroll of teleportation.
  8456 | D:9      | 8456 ||| DRINKING 2 potions of heal wounds.
  8459 | D:9      | Noticed a kobold demonologist
  8462 | D:9      | Noticed a kobold demonologist
  8478 | D:9      | Noticed a soul eater
  8478 | D:9      | Killed a kobold demonologist
  8479 | D:9      | Reached skill level 5 in Shields
  8479 | D:9      | Noticed a rust devil
  8482 | D:9      | Killed a kobold demonologist
  8488 | D:9      | 8488 ||| INVOKING Heroism.
  8506 | D:9      | 8506 ||| Stepping ~*~*~tactically~*~*~ (water).
  8522 | D:9      | 8522 ||| DROPPING +0 morningstar.
  8531 | D:9      | 8531 ||| Stepping ~*~*~tactically~*~*~ (hiding).
  8532 | D:9      | 8532 ||| Stepping ~*~*~tactically~*~*~ (hiding).
  8534 | D:9      | 8534 ||| Stepping ~*~*~tactically~*~*~ (hiding).
  8535 | D:9      | 8535 ||| Stepping ~*~*~tactically~*~*~ (hiding).
  8539 | D:9      | 8539 ||| Stepping ~*~*~tactically~*~*~ (hiding).
  8639 | D:9      | 8639 ||| INVOKING Heroism.
  8704 | D:9      | Reached **** piety under Okawaru
  9131 | D:10     | Entered Level 10 of the Dungeon
  9133 | D:10     | 9133 ||| Stepping ~*~*~tactically~*~*~ (hiding).
  9142 | D:10     | 9142 ||| INVOKING Heroism.
  9156 | D:10     | 9156 ||| INVOKING Heroism.
  9239 | D:10     | 9239 ||| Stepping ~*~*~tactically~*~*~ (stealth).
  9241 | D:10     | 9241 ||| Stepping ~*~*~tactically~*~*~ (hiding).
  9388 | D:10     | 9388 ||| INVOKING Heroism.
  9400 | D:10     | Reached skill level 9 in Fighting
  9418 | D:10     | Reached XP level 11. HP: 70/71 MP: 14/14
  9472 | D:10     | Identified the +10 dagger of Defiance {vamp, +Blink}
  9599 | D:10     | Found a staircase to the Orcish Mines.
  9759 | D:10     | 9759 ||| DROPPING orb of energy.
  9760 | D:10     | 9760 ||| READING 3 scrolls of identify.
  9760 | D:10     | 9760 ||| IDENTIFYING fizzy amethyst potion
  9761 | D:10     | 9761 ||| READING 2 scrolls of identify.
  9761 | D:10     | 9761 ||| IDENTIFYING smoky sapphire potion
  9762 | D:10     | 9762 ||| DROPPING potion of ambrosia.
  9763 | D:10     | 9763 ||| DROPPING potion of enlightenment.
  9782 | D:11     | Noticed a cyclops
  9783 | D:11     | 9783 ||| Stepping ~*~*~tactically~*~*~ (stealth).
  9790 | D:11     | 9790 ||| INVOKING Heroism.
  9792 | D:11     | Reached skill level 6 in Armour
  9798 | D:11     | 9798 ||| Stepping ~*~*~tactically~*~*~ (hiding).
  9807 | D:11     | Killed a cyclops
  9829 | D:11     | 9829 ||| FLEEEEING.
  9830 | D:11     | 9830 ||| FLEEEEING.
  9831 | D:11     | 9831 ||| STAIRDANCE
  9838 | D:10     | 9838 ||| INVOKING Heroism.
  9897 | D:11     | 9897 ||| STAIRDANCE
  9946 | D:11     | Found a staircase to the Lair.
  9993 | D:11     | Noticed a cyclops
  9994 | D:11     | 9994 ||| INVOKING Heroism.
  9997 | D:11     | Reached skill level 6 in Invocations
 10005 | D:11     | Killed a cyclops
 10005 | D:11     | Reached ***** piety under Okawaru
 10031 | D:11     | Noticed a boulder beetle
 10032 | D:11     | 10032 ||| INVOKING Heroism.
 10064 | D:11     | 10064 ||| INVOKING Heroism.
 10069 | D:11     | Killed a boulder beetle
 10070 | D:11     | Reached skill level 12 in Axes
 10254 | D:11     | Found a portal to a secret trove of treasure.
 10403 | D:11     | Noticed a two-headed ogre
 10404 | D:11     | 10404 ||| INVOKING Heroism.
 10413 | D:11     | Killed a two-headed ogre
 10414 | D:11     | Reached skill level 6 in Shields
 10478 | D:11     | 10478 ||| INVOKING Heroism.
 10613 | D:11     | 10613 ||| Stepping ~*~*~tactically~*~*~ (stealth).
 10657 | D:11     | 10657 ||| PLANNING LAIR
 10657 | D:11     | 10657 ||| DROPPING ring of wizardry.
 10658 | D:11     | 10658 ||| READING 4 scrolls of identify.
 10658 | D:11     | 10658 ||| IDENTIFYING cyan potion
 10659 | D:11     | 10659 ||| READING 3 scrolls of identify.
 10659 | D:11     | 10659 ||| IDENTIFYING puce potion
 10660 | D:11     | 10660 ||| READING 2 scrolls of identify.
 10660 | D:11     | 10660 ||| IDENTIFYING glowing pink potion
 10661 | D:11     | 10661 ||| DROPPING potion of invisibility.
 10677 | Lair:1   | Entered Level 1 of the Lair of Beasts
 10707 | Lair:1   | 10707 ||| INVOKING Heroism.
 10743 | Lair:1   | Noticed an oklob plant
 10744 | Lair:1   | 10744 ||| FLEEEEING.
 10848 | Lair:1   | 10848 ||| INVOKING Heroism.
 10926 | Lair:1   | Identified the +2 pair of boots of the Twenty Dances {rElec
                  | Will+} (Okawaru gifted it to you on level 1 of the Lair of
                  | Beasts)
 10926 | Lair:1   | Received a gift from Okawaru
 10927 | Lair:1   | Reached XP level 12. HP: 77/77 MP: 18/18
 11022 | Lair:1   | 11022 ||| Stepping ~*~*~tactically~*~*~ (stealth).
 11023 | Lair:1   | 11023 ||| INVOKING Heroism.
 11031 | Lair:1   | Reached skill level 9 in Invocations
 11076 | Lair:1   | 11076 ||| Stepping ~*~*~tactically~*~*~ (stealth).
 11175 | Lair:1   | 11175 ||| INVOKING Heroism.
 11176 | Lair:1   | 11176 ||| INVOKING Finesse.
 11322 | Lair:1   | Noticed Maggie
 11323 | Lair:1   | 11323 ||| Stepping ~*~*~tactically~*~*~ (hiding).
 11345 | Lair:1   | Killed Maggie
 11389 | Lair:1   | 11389 ||| Stepping ~*~*~tactically~*~*~ (stealth).
 12017 | Lair:1   | 12017 ||| UPGRADING to +0 chain mail.
 12027 | Lair:1   | 12027 ||| DROPPING +0 scale mail.
 12028 | Lair:1   | 12028 ||| UPGRADING to +2 pair of boots of the Twenty
                  | Dances {rElec Will+}.
 12038 | Lair:1   | 12038 ||| DROPPING +0 pair of boots.
 12140 | Lair:2   | 12140 ||| INVOKING Heroism.
 12292 | Lair:2   | Found a staircase to the Swamp.
 12309 | Lair:2   | Noticed a six-headed hydra
 12310 | Lair:2   | 12310 ||| INVOKING Heroism.
 12316 | Lair:2   | 12316 ||| SWAPPING to +2 morningstar of freezing.
 12323 | Lair:2   | HP: 11/77 [six-headed hydra (12)]
 12324 | Lair:2   | 12324 ||| READING scroll of teleportation.
 12325 | Lair:2   | 12325 ||| DRINKING potion of heal wounds.
 12327 | Lair:2   | Killed a six-headed hydra
 12332 | Lair:2   | 12332 ||| FLEEEEING.
 12337 | Lair:2   | HP: 17/77 [yak (2)]
 12349 | Lair:2   | 12349 ||| FLEEEEING.
 12350 | Lair:2   | 12350 ||| FLEEEEING.
 12351 | Lair:2   | 12351 ||| FLEEEEING.
 12352 | Lair:2   | 12352 ||| FLEEEEING.
 12353 | Lair:2   | 12353 ||| FLEEEEING.
 12354 | Lair:2   | 12354 ||| FLEEEEING.
 12355 | Lair:2   | 12355 ||| FLEEEEING.
 12356 | Lair:2   | 12356 ||| FLEEEEING.
 12357 | Lair:2   | 12357 ||| FLEEEEING.
 12358 | Lair:2   | 12358 ||| FLEEEEING.
 12359 | Lair:2   | 12359 ||| FLEEEEING.
 12360 | Lair:2   | 12360 ||| FLEEEEING.
 12361 | Lair:2   | 12361 ||| FLEEEEING.
 12362 | Lair:2   | 12362 ||| FLEEEEING.
 12365 | Lair:2   | 12365 ||| FLEEEEING.
 12366 | Lair:2   | 12366 ||| FLEEEEING.
 12367 | Lair:2   | 12367 ||| FLEEEEING.
 12369 | Lair:2   | 12369 ||| FLEEEEING.
 12370 | Lair:2   | 12370 ||| STAIRDANCE
 12529 | Lair:1   | 12529 ||| UPGRADING to +2 vampiric war axe.
 12557 | Lair:2   | 12557 ||| Stepping ~*~*~tactically~*~*~ (stealth).
 12558 | Lair:2   | 12558 ||| INVOKING Heroism.
 12595 | Lair:2   | 12595 ||| INVOKING Heroism.
 12634 | Lair:2   | 12634 ||| Stepping ~*~*~tactically~*~*~ (hiding).
 12635 | Lair:2   | 12635 ||| Stepping ~*~*~tactically~*~*~ (hiding).
 12636 | Lair:2   | 12636 ||| Stepping ~*~*~tactically~*~*~ (hiding).
 12637 | Lair:2   | Noticed Amaemon
 12638 | Lair:2   | 12638 ||| INVOKING Heroism.
 12661 | Lair:2   | Killed Amaemon
 12662 | Lair:2   | Reached skill level 9 in Armour
 12720 | Lair:2   | 12720 ||| Stepping ~*~*~tactically~*~*~ (stealth).
 13059 | Lair:2   | 13059 ||| INVOKING Heroism.
 13090 | Lair:2   | Noticed Erica
 13091 | Lair:2   | 13091 ||| INVOKING Finesse.
 13103 | Lair:2   | Killed Erica
 13104 | Lair:2   | Reached XP level 13. HP: 82/82 MP: 15/20
 13330 | Lair:3   | 13330 ||| INVOKING Heroism.
 13335 | Lair:3   | 13335 ||| SWAPPING to -1 demon whip of venom.
 13380 | Lair:3   | 13380 ||| UPGRADING to +2 vampiric war axe.
 13398 | Lair:3   | 13398 ||| INVOKING Heroism.
 13426 | Lair:3   | 13426 ||| INVOKING Heroism.
 13488 | Lair:3   | 13488 ||| INVOKING Heroism.
 13516 | Lair:3   | 13516 ||| INVOKING Heroism.
 13748 | Lair:3   | 13748 ||| INVOKING Heroism.
 13796 | Lair:3   | 13796 ||| READING scroll of enchant armour.
 13796 | Lair:3   | 13796 ||| ENCHANTING +1 pair of gloves.
 13878 | Lair:3   | Found a staircase to the Snake Pit.
 13883 | Lair:3   | 13883 ||| INVOKING Heroism.
 13886 | Lair:3   | HP: 20/83 [lava snake/glob of lava (10)]
 13894 | Lair:3   | HP: 12/83 [salamander/+1 glaive (13)]
 13896 | Lair:3   | 13896 ||| FLEEEEING.
 13897 | Lair:3   | 13897 ||| FLEEEEING.
 14118 | Lair:3   | 14118 ||| FLEEEEING.
 14119 | Lair:3   | 14119 ||| FLEEEEING.
 14122 | Lair:3   | 14122 ||| STAIRDANCE
 14148 | Lair:2   | 14148 ||| READING 3 scrolls of identify.
 14148 | Lair:2   | 14148 ||| IDENTIFYING sapphire potion
 14568 | Lair:4   | 14568 ||| STAIRDANCE
 14691 | Lair:4   | 14691 ||| Stepping ~*~*~tactically~*~*~ (stealth).
 14718 | Lair:4   | Reached skill level 7 in Shields
 14734 | Lair:4   | 14734 ||| Stepping ~*~*~tactically~*~*~ (stealth).
 14735 | Lair:4   | 14735 ||| Stepping ~*~*~tactically~*~*~ (stealth).
 14736 | Lair:4   | 14736 ||| Stepping ~*~*~tactically~*~*~ (stealth).
 14776 | Lair:4   | Found a staircase to the Slime Pits.
 14779 | Lair:4   | Paralysed by a floating eye for 3 turns
 14788 | Lair:4   | Reached skill level 3 in Dodging
 14890 | Lair:4   | 14890 ||| Stepping ~*~*~tactically~*~*~ (stealth).
 14892 | Lair:4   | 14892 ||| INVOKING Heroism.
 14928 | Lair:4   | 14928 ||| Stepping ~*~*~tactically~*~*~ (stealth).
 14943 | Lair:4   | 14943 ||| INVOKING Heroism.
 15487 | Lair:5   | Entered Level 5 of the Lair of Beasts
 15488 | Lair:5   | 15488 ||| PLANNING GAUNTLET
 15567 | Lair:5   | Paralysed by a floating eye for 2 turns
 15588 | Lair:5   | 15588 ||| Stepping ~*~*~tactically~*~*~ (stealth).
 15590 | Lair:5   | 15590 ||| INVOKING Heroism.
 15591 | Lair:5   | 15591 ||| Stepping ~*~*~tactically~*~*~ (stealth).
 15633 | Lair:5   | 15633 ||| Stepping ~*~*~tactically~*~*~ (stealth).
 15656 | Lair:5   | 15656 ||| READING scroll of enchant armour.
 15656 | Lair:5   | 15656 ||| ENCHANTING +0 helmet.
 15659 | Lair:5   | 15659 ||| INVOKING Heroism.
 15714 | Lair:5   | 15714 ||| INVOKING Finesse.
 15729 | Lair:5   | 15729 ||| INVOKING Heroism.
 15740 | Lair:5   | Reached skill level 15 in Axes
 15806 | Lair:5   | 15806 ||| INVOKING Heroism.
 15828 | Lair:5   | 15828 ||| Stepping ~*~*~tactically~*~*~ (stealth).
 15829 | Lair:5   | 15829 ||| Stepping ~*~*~tactically~*~*~ (stealth).
 15837 | Lair:5   | 15837 ||| Stepping ~*~*~tactically~*~*~ (stealth).
 15843 | Lair:5   | 15843 ||| Stepping ~*~*~tactically~*~*~ (hiding).
 15867 | Lair:5   | 15867 ||| Stepping ~*~*~tactically~*~*~ (stealth).
 15869 | Lair:5   | 15869 ||| INVOKING Heroism.
 15871 | Lair:5   | 15871 ||| Stepping ~*~*~tactically~*~*~ (stealth).
 15881 | Lair:5   | 15881 ||| Stepping ~*~*~tactically~*~*~ (stealth).
 15893 | Lair:5   | 15893 ||| Stepping ~*~*~tactically~*~*~ (stealth).
 15906 | Lair:5   | 15906 ||| Stepping ~*~*~tactically~*~*~ (stealth).
 15917 | Lair:5   | Received a gift from Okawaru
 15924 | Lair:5   | 15924 ||| INVOKING Heroism.
 15941 | Lair:5   | 15941 ||| Stepping ~*~*~tactically~*~*~ (hiding).
 15976 | Lair:5   | Gained mutation: Your large and strong wings let you fly.
                  | [Gargoyle growth]
 15976 | Lair:5   | Reached XP level 14. HP: 90/90 MP: 21/21
 15982 | Lair:5   | 15982 ||| RIP GAUNTLET
 15983 | Lair:5   | 15983 ||| PLANNING LAIR
 16074 | Lair:5   | 16074 ||| INVOKING Heroism.
 16083 | Lair:5   | Reached skill level 12 in Fighting
 16086 | Lair:5   | HP: 23/92 [thrashing horror (7)]
 16087 | Lair:5   | 16087 ||| READING scroll of teleportation.
 16126 | Lair:5   | 16126 ||| FLEEEEING.
 16729 | Lair:5   | 16729 ||| INVOKING Heroism.
 16735 | Lair:5   | 16735 ||| SWAPPING to -1 demon whip of venom.
 16743 | Lair:5   | 16743 ||| UPGRADING to +2 vampiric war axe.
 16922 | Lair:5   | 16922 ||| Stepping ~*~*~tactically~*~*~ (stealth).
 16937 | Lair:5   | 16937 ||| INVOKING Heroism.
 16941 | Lair:5   | HP: 11/92 [large abomination (18)]
 16951 | Lair:5   | 16951 ||| FLEEEEING.
 17012 | Lair:5   | 17012 ||| FLEEEEING.
 17018 | Lair:5   | 17018 ||| INVOKING Heroism.
 17058 | Lair:5   | 17058 ||| FLEEEEING.
 17059 | Lair:5   | 17059 ||| FLEEEEING.
 17060 | Lair:5   | 17060 ||| FLEEEEING.
 17061 | Lair:5   | 17061 ||| FLEEEEING.
 17062 | Lair:5   | 17062 ||| FLEEEEING.
 17063 | Lair:5   | 17063 ||| FLEEEEING.
 17064 | Lair:5   | 17064 ||| FLEEEEING.
 17065 | Lair:5   | 17065 ||| FLEEEEING.
 17066 | Lair:5   | 17066 ||| FLEEEEING.
 17067 | Lair:5   | 17067 ||| FLEEEEING.
 17068 | Lair:5   | 17068 ||| FLEEEEING.
 17069 | Lair:5   | 17069 ||| FLEEEEING.
 17070 | Lair:5   | 17070 ||| FLEEEEING.
 17071 | Lair:5   | 17071 ||| FLEEEEING.
 17072 | Lair:5   | 17072 ||| FLEEEEING.
 17073 | Lair:5   | 17073 ||| FLEEEEING.
 17074 | Lair:5   | 17074 ||| FLEEEEING.
 17075 | Lair:5   | 17075 ||| FLEEEEING.
 17076 | Lair:5   | 17076 ||| FLEEEEING.
 17095 | Lair:5   | 17095 ||| FLEEEEING.
 17097 | Lair:5   | 17097 ||| FLEEEEING.
 17098 | Lair:5   | 17098 ||| FLEEEEING.
 17099 | Lair:5   | 17099 ||| FLEEEEING.
 17100 | Lair:5   | 17100 ||| FLEEEEING.
 17101 | Lair:5   | 17101 ||| FLEEEEING.
 17102 | Lair:5   | 17102 ||| FLEEEEING.
 17103 | Lair:5   | 17103 ||| FLEEEEING.
 17104 | Lair:5   | 17104 ||| FLEEEEING.
 17105 | Lair:5   | 17105 ||| FLEEEEING.
 17106 | Lair:5   | 17106 ||| FLEEEEING.
 17107 | Lair:5   | 17107 ||| FLEEEEING.
 17108 | Lair:5   | 17108 ||| FLEEEEING.
 17242 | Lair:5   | 17242 ||| Stepping ~*~*~tactically~*~*~ (hiding).
 17250 | Lair:5   | 17250 ||| INVOKING Heroism.
 17314 | Lair:5   | 17314 ||| FLEEEEING.
 17315 | Lair:5   | 17315 ||| FLEEEEING.
 17350 | Lair:5   | 17350 ||| Stepping ~*~*~tactically~*~*~ (stealth).
 17351 | Lair:5   | 17351 ||| Stepping ~*~*~tactically~*~*~ (stealth).
 17396 | Lair:5   | Found a corrupted altar of Lugonu.
 17396 | Lair:5   | Found a one-way gate to the infinite horrors of the Abyss.
 17406 | Lair:5   | Identified the +0 pair of gloves of a Million Mystics
                  | {rPois rC+++ Will- Dex-3}
 17417 | Lair:5   | 17417 ||| UPGRADING to +0 pair of gloves of a Million
                  | Mystics {rPois rC+++ Will- Dex-3}.
 17427 | Lair:5   | 17427 ||| PLANNING D
 17645 | D:12     | 17645 ||| Stepping ~*~*~tactically~*~*~ (hiding).
 17647 | D:12     | 17647 ||| Stepping ~*~*~tactically~*~*~ (hiding).
 17649 | D:12     | 17649 ||| Stepping ~*~*~tactically~*~*~ (hiding).
 17802 | D:12     | 17802 ||| Stepping ~*~*~tactically~*~*~ (stealth).
 17804 | D:12     | 17804 ||| Stepping ~*~*~tactically~*~*~ (stealth).
 17932 | D:12     | Received a gift from Okawaru
 17970 | D:12     | Found Kuirocis's Distillery.
 18014 | D:12     | 18014 ||| BUYING 2 potions of attraction (96 gold).
 18014 | D:12     | Bought 2 potions of attraction for 96 gold pieces
 18014 | D:12     | 18014 ||| BUYING 2 potions of haste (320 gold).
 18014 | D:12     | Bought 2 potions of haste for 320 gold pieces
 18014 | D:12     | 18014 ||| BUYING potion of cancellation (128 gold).
 18014 | D:12     | Bought a potion of cancellation for 128 gold pieces
 18014 | D:12     | 18014 ||| BUYING potion of curing (48 gold).
 18014 | D:12     | Bought a potion of curing for 48 gold pieces
 18014 | D:12     | 18014 ||| BUYING potion of curing (48 gold).
 18014 | D:12     | Bought a potion of curing for 48 gold pieces
 18014 | D:12     | 18014 ||| BUYING potion of curing (48 gold).
 18014 | D:12     | Bought a potion of curing for 48 gold pieces
 18014 | D:12     | 18014 ||| BUYING potion of lignification (48 gold).
 18014 | D:12     | Bought a potion of lignification for 48 gold pieces
 18014 | D:12     | 18014 ||| BUYING potion of mutation (128 gold).
 18014 | D:12     | Bought a potion of mutation for 128 gold pieces
 18031 | D:12     | 18031 ||| READING scroll of acquirement.
 18031 | D:12     | 18031 ||| ACQUIRING +4 consecrated labrys {holy, Valiant
                  | Fragile Fly SInv}
 18031 | D:12     | Acquired the +4 consecrated labrys {holy, Valiant Fragile
                  | Fly SInv}
 18031 | D:12     | Found the +4 consecrated labrys {holy, Valiant Fragile Fly
                  | SInv}
 18042 | D:12     | Found a runed translucent door.
 18110 | D:12     | 18110 ||| Stepping ~*~*~tactically~*~*~ (stealth).
 18111 | D:12     | 18111 ||| Stepping ~*~*~tactically~*~*~ (stealth).
 18122 | D:12     | 18122 ||| INVOKING Heroism.
 18283 | D:12     | 18283 ||| Stepping ~*~*~tactically~*~*~ (stealth).
 18284 | D:12     | 18284 ||| Stepping ~*~*~tactically~*~*~ (stealth).
 18287 | D:12     | 18287 ||| Stepping ~*~*~tactically~*~*~ (stealth).
 18294 | D:12     | Reached skill level 3 in Throwing
 18675 | D:12     | Noticed Roubeug's ghost (journeyman FeBe)
 19367 | D:12     | 19367 ||| Stepping randomly (stuck).
 19407 | D:13     | 19407 ||| INVOKING Heroism.
 19521 | D:13     | Reached skill level 8 in Shields
 19681 | D:13     | 19681 ||| INVOKING Heroism.
 19682 | D:13     | 19682 ||| SWAPPING to -1 demon whip of venom.
 19747 | D:13     | 19747 ||| UPGRADING to +2 vampiric war axe.
 19808 | D:13     | 19808 ||| Stepping ~*~*~tactically~*~*~ (hiding).
 19811 | D:13     | 19811 ||| Stepping ~*~*~tactically~*~*~ (hiding).
 19812 | D:13     | 19812 ||| Stepping ~*~*~tactically~*~*~ (hiding).
 19841 | D:13     | 19841 ||| INVOKING Heroism.
 19951 | D:13     | Found a stormy altar of Qazlal.
 19989 | D:13     | 19989 ||| INVOKING Heroism.
 20139 | D:13     | Found a frozen archway.
 20206 | D:13     | 20206 ||| READING scroll of enchant weapon.
 20206 | D:13     | 20206 ||| ENCHANTING +2 vampiric war axe.
 20220 | D:13     | 20220 ||| Stepping ~*~*~tactically~*~*~ (hiding).
 20222 | D:13     | 20222 ||| Stepping ~*~*~tactically~*~*~ (hiding).
 20393 | D:13     | Identified the +11 quarterstaff "Demonbane" {protect, rPois
                  | rF- Str+4}
 20583 | D:13     | 20583 ||| DROPPING +2 pair of gloves.
 20584 | D:13     | 20584 ||| UPGRADING to +0 kite shield.
 20594 | D:13     | 20594 ||| DROPPING +0 buckler.
 20595 | D:13     | 20595 ||| UPGRADING to amulet of regeneration.
 20659 | D:14     | 20659 ||| Stepping ~*~*~tactically~*~*~ (hiding).
 20663 | D:14     | 20663 ||| Stepping ~*~*~tactically~*~*~ (hiding).
 20664 | D:14     | 20664 ||| Stepping ~*~*~tactically~*~*~ (hiding).
 20771 | D:14     | 20771 ||| Stepping ~*~*~tactically~*~*~ (stealth).
 20824 | D:14     | 20824 ||| INVOKING Heroism.
 20893 | D:14     | Noticed Agnes
 20894 | D:14     | 20894 ||| INVOKING Heroism.
 20920 | D:14     | Killed Agnes
 20921 | D:14     | Reached skill level 9 in Shields
 20950 | D:14     | 20950 ||| Stepping ~*~*~tactically~*~*~ (hiding).
 20953 | D:14     | 20953 ||| INVOKING Heroism.
 20969 | D:14     | Received a gift from Okawaru
 20974 | D:14     | Reached XP level 15. HP: 97/97 MP: 22/22
 21049 | D:14     | 21049 ||| INVOKING Heroism.
 21074 | D:14     | 21074 ||| Stepping ~*~*~tactically~*~*~ (hiding).
 21076 | D:14     | 21076 ||| Stepping ~*~*~tactically~*~*~ (hiding).
 21079 | D:14     | 21079 ||| Stepping ~*~*~tactically~*~*~ (hiding).
 21085 | D:14     | Reached skill level 10 in Shields
 21133 | D:14     | Reached skill level 11 in Shields
 21194 | D:14     | Found a broken altar of Ashenzari.
 21334 | D:14     | Found a radiant altar of Vehumet.
 21411 | D:14     | 21411 ||| INVOKING Heroism.
 21446 | D:14     | Found a gate to the Vaults.
 21494 | D:14     | 21494 ||| DROPPING amulet of the acrobat.
 21506 | D:15     | Entered Level 15 of the Dungeon
 21524 | D:15     | 21524 ||| INVOKING Heroism.
 21543 | D:15     | Reached skill level 12 in Shields
 21563 | D:15     | 21563 ||| INVOKING Heroism.
 21766 | D:15     | 21766 ||| Stepping ~*~*~tactically~*~*~ (hiding).
 21767 | D:15     | 21767 ||| INVOKING Heroism.
 21825 | D:15     | Found a staircase to the Depths.
 21910 | D:15     | Identified the staff of fire "Danwucki" {rPois rF+ rN+}
 21974 | D:15     | 21974 ||| Stepping ~*~*~tactically~*~*~ (hiding).
 21975 | D:15     | 21975 ||| Stepping ~*~*~tactically~*~*~ (hiding).
 21976 | D:15     | 21976 ||| Stepping ~*~*~tactically~*~*~ (hiding).
 22104 | D:15     | 22104 ||| Stepping ~*~*~tactically~*~*~ (hiding).
 22107 | D:15     | 22107 ||| INVOKING Heroism.
 22126 | D:15     | Reached skill level 13 in Shields
 22126 | D:15     | 22126 ||| FLEEEEING.
 22133 | D:15     | 22133 ||| FLEEEEING.
 22134 | D:15     | 22134 ||| FLEEEEING.
 22137 | D:15     | 22137 ||| FLEEEEING.
 22138 | D:15     | 22138 ||| FLEEEEING.
 22141 | D:15     | 22141 ||| INVOKING Heroism.
 22180 | D:15     | HP: 17/98 [skeletal warrior/+0 glaive (18)]
 22181 | D:15     | 22181 ||| READING scroll of teleportation.
 22268 | D:15     | 22268 ||| Stepping ~*~*~tactically~*~*~ (hiding).
 22277 | D:15     | Received a gift from Okawaru
 22359 | D:15     | 22359 ||| INVOKING Heroism.
 22381 | D:15     | 22381 ||| Stepping ~*~*~tactically~*~*~ (stealth).
 22466 | D:15     | 22466 ||| Stepping ~*~*~tactically~*~*~ (stealth).
 22467 | D:15     | 22467 ||| Stepping ~*~*~tactically~*~*~ (stealth).
 22469 | D:15     | 22469 ||| Stepping ~*~*~tactically~*~*~ (hiding).
 22471 | D:15     | 22471 ||| INVOKING Heroism.
 22552 | D:15     | 22552 ||| PLANNING ORC
 22552 | D:15     | 22552 ||| UPGRADING to +0 plate armour.
 22562 | D:15     | 22562 ||| DROPPING +0 chain mail.
 22686 | Orc:1    | Entered Level 1 of the Orcish Mines
 22698 | Orc:1    | Received a gift from Okawaru
 22706 | Orc:1    | 22706 ||| DROPPING +0 war axe.
 22765 | Orc:1    | 22765 ||| INVOKING Heroism.
 22833 | Orc:1    | 22833 ||| INVOKING Heroism.
 22848 | Orc:1    | Gained mutation: Your magical capacity is low. (-10% MP) [a
                  | neqoxec]
 22849 | Orc:1    | Noticed Harold
 22873 | Orc:1    | Killed Harold
 22891 | Orc:1    | Gained mutation: Your spells are a little easier to cast,
                  | but a little less powerful. [a neqoxec]
 23163 | Orc:1    | Found Ilepi's Armour Emporium.
 23171 | Orc:1    | 23171 ||| BUYING +0 tower shield (67 gold).
 23171 | Orc:1    | Bought a +0 tower shield for 67 gold pieces
 23269 | Orc:1    | 23269 ||| UPGRADING to +4 chain mail of fire resistance.
 23279 | Orc:1    | 23279 ||| DROPPING +0 plate armour.
 23280 | Orc:1    | 23280 ||| UPGRADING to +0 tower shield.
 23290 | Orc:1    | 23290 ||| DROPPING +0 kite shield.
 23319 | Orc:2    | Entered Level 2 of the Orcish Mines
 23320 | Orc:2    | 23320 ||| PLANNING BAZAAR
 23320 | Orc:2    | 23320 ||| INVOKING Heroism.
 23362 | Orc:2    | 23362 ||| Stepping ~*~*~tactically~*~*~ (hiding).
 23366 | Orc:2    | Found a runed translucent gate.
 23366 | Orc:2    | Found a runed translucent gate.
 23366 | Orc:2    | Found a runed translucent gate.
 23366 | Orc:2    | Noticed qw's ghost (adept GrHu)
 23497 | Orc:2    | 23497 ||| Stepping ~*~*~tactically~*~*~ (hiding).
 23773 | Orc:2    | 23773 ||| Stepping ~*~*~tactically~*~*~ (stealth).
 23781 | Orc:2    | Reached XP level 16. HP: 92/104 MP: 21/21
 23784 | Orc:2    | 23784 ||| INVOKING Heroism.
 23816 | Orc:2    | 23816 ||| Stepping ~*~*~tactically~*~*~ (stealth).
 23824 | Orc:2    | Reached skill level 14 in Shields
 23871 | Orc:2    | 23871 ||| Stepping ~*~*~tactically~*~*~ (stealth).
 23904 | Orc:2    | 23904 ||| INVOKING Heroism.
 23923 | Orc:2    | Found Usel's Magic Scroll Shop.
 23923 | Orc:2    | Found Roetor's Assorted Antiques.
 23924 | Orc:2    | Found Camerem's Armour Emporium.
 23924 | Orc:2    | Found Jiczee's General Store.
 23939 | Orc:2    | Reached skill level 15 in Shields
 23950 | Orc:2    | 23950 ||| BUYING scroll of enchant armour (90 gold).
 23950 | Orc:2    | Bought a scroll of enchant armour for 90 gold pieces
 23950 | Orc:2    | 23950 ||| BUYING scroll of enchant weapon (90 gold).
 23950 | Orc:2    | Bought a scroll of enchant weapon for 90 gold pieces
 23950 | Orc:2    | 23950 ||| BUYING scroll of teleportation (36 gold).
 23950 | Orc:2    | Bought a scroll of teleportation for 36 gold pieces
 23950 | Orc:2    | 23950 ||| BUYING scroll of teleportation (36 gold).
 23950 | Orc:2    | Bought a scroll of teleportation for 36 gold pieces
 23950 | Orc:2    | 23950 ||| BUYING scroll of teleportation (36 gold).
 23950 | Orc:2    | Bought a scroll of teleportation for 36 gold pieces
 23950 | Orc:2    | 23950 ||| READING scroll of enchant armour.
 23950 | Orc:2    | 23950 ||| ENCHANTING +1 helmet.
 23951 | Orc:2    | 23951 ||| READING scroll of enchant weapon.
 23951 | Orc:2    | 23951 ||| ENCHANTING +3 vampiric war axe.
 23953 | Orc:2    | 23953 ||| BUYING scroll labelled RANOECRUNGY (20 gold).
 23953 | Orc:2    | Bought a scroll labelled RANOECRUNGY for 20 gold pieces
 23954 | Orc:2    | 23954 ||| BUYING potion of mutation (128 gold).
 23954 | Orc:2    | Bought a potion of mutation for 128 gold pieces
 23954 | Orc:2    | 23954 ||| SHOPLISTING ring "Xaqih" {Wiz Str+4} (726 gold,
                  | have 265).
 23955 | Orc:2    | 23955 ||| SHOPLISTING +3 plate armour of willpower (630
                  | gold, have 265).
 23963 | Orc:2    | 23963 ||| Stepping ~*~*~tactically~*~*~ (stealth).
 23979 | Orc:2    | 23979 ||| Stepping ~*~*~tactically~*~*~ (hiding).
 23980 | Orc:2    | 23980 ||| Stepping ~*~*~tactically~*~*~ (hiding).
 23981 | Orc:2    | 23981 ||| Stepping ~*~*~tactically~*~*~ (hiding).
 24090 | Orc:2    | Found a staircase to the Elven Halls.
 24285 | Orc:2    | 24285 ||| READING scroll labelled RANOECRUNGY.
 24286 | Orc:2    | 24286 ||| RIP BAZAAR
 24286 | Orc:2    | 24286 ||| PLANNING ORC
 24332 | Orc:1    | Identified the +9 rapier of Rioroevy {freeze, rElec Int+3
                  | Dex+3} (Okawaru gifted it to you on level 1 of the Orcish
                  | Mines)
 24332 | Orc:1    | Received a gift from Okawaru
 24489 | Orc:1    | 24489 ||| PLANNING SNAKE:1-3
 24640 | Snake:1  | Entered Level 1 of the Snake Pit
 24641 | Snake:1  | 24641 ||| RIP BAZAAR
 24754 | Snake:1  | 24754 ||| Stepping ~*~*~tactically~*~*~ (hiding).
 24755 | Snake:1  | 24755 ||| Stepping ~*~*~tactically~*~*~ (hiding).
 24756 | Snake:1  | 24756 ||| INVOKING Heroism.
 24770 | Snake:1  | 24770 ||| Stepping ~*~*~tactically~*~*~ (hiding).
 24772 | Snake:1  | 24772 ||| Stepping ~*~*~tactically~*~*~ (hiding).
 24773 | Snake:1  | 24773 ||| INVOKING Heroism.
 24828 | Snake:1  | 24828 ||| INVOKING Heroism.
 24850 | Snake:1  | 24850 ||| INVOKING Heroism.
 24874 | Snake:1  | 24874 ||| Stepping ~*~*~tactically~*~*~ (hiding).
 24876 | Snake:1  | 24876 ||| Stepping ~*~*~tactically~*~*~ (hiding).
 24897 | Snake:1  | 24897 ||| Stepping ~*~*~tactically~*~*~ (hiding).
 25033 | Snake:1  | You are sucked into a shaft and drop 1 floor!
 25035 | Snake:2  | Noticed Mlioglotl
 25036 | Snake:2  | 25036 ||| INVOKING Heroism.
 25037 | Snake:2  | 25037 ||| INVOKING Finesse.
 25042 | Snake:2  | Reached skill level 16 in Shields
 25048 | Snake:2  | Reached skill level 6 in Throwing
 25062 | Snake:2  | Noticed a tentacled starspawn
 25062 | Snake:2  | Killed Mlioglotl
 25129 | Snake:2  | Noticed Aizul
 25130 | Snake:2  | 25130 ||| Stepping ~*~*~tactically~*~*~ (hiding).
 25132 | Snake:2  | 25132 ||| INVOKING Heroism.
 25133 | Snake:2  | 25133 ||| INVOKING Finesse.
 25150 | Snake:2  | Killed Aizul
 25359 | Snake:1  | 25359 ||| Stepping ~*~*~tactically~*~*~ (hiding).
 25382 | Snake:1  | 25382 ||| Stepping ~*~*~tactically~*~*~ (hiding).
 25485 | Snake:1  | 25485 ||| Stepping ~*~*~tactically~*~*~ (hiding).
 25612 | Snake:1  | Reached skill level 17 in Shields
 25673 | Snake:1  | Noticed Jorgrun
 25674 | Snake:1  | 25674 ||| INVOKING Heroism.
 25675 | Snake:1  | 25675 ||| INVOKING Finesse.
 25692 | Snake:1  | Killed Jorgrun
 25724 | Snake:1  | Received a gift from Okawaru
 26051 | Snake:2  | Reached XP level 17. HP: 108/108 MP: 22/22
 26054 | Snake:2  | Received a gift from Okawaru
 26071 | Snake:2  | 26071 ||| DROPPING +2 war axe of pain.
 26095 | Snake:2  | 26095 ||| INVOKING Heroism.
 26101 | Snake:2  | HP: 24/108 [naga warrior/+0 battleaxe (14)]
 26102 | Snake:2  | 26102 ||| READING 3 scrolls of teleportation.
 26102 | Snake:2  | HP: 10/108 [salamander/+0 trident (4)]
 26103 | Snake:2  | 26103 ||| DRINKING potion of heal wounds.
 26292 | Snake:2  | 26292 ||| Stepping ~*~*~tactically~*~*~ (hiding).
 26293 | Snake:2  | 26293 ||| Stepping ~*~*~tactically~*~*~ (hiding).
 26296 | Snake:2  | 26296 ||| Stepping ~*~*~tactically~*~*~ (hiding).
 26298 | Snake:2  | 26298 ||| Stepping ~*~*~tactically~*~*~ (hiding).
 26299 | Snake:2  | 26299 ||| Stepping ~*~*~tactically~*~*~ (hiding).
 26308 | Snake:2  | 26308 ||| INVOKING Heroism.
 26417 | Snake:2  | 26417 ||| INVOKING Heroism.
 26592 | Snake:2  | 26592 ||| Stepping ~*~*~tactically~*~*~ (hiding).
 26793 | Snake:2  | 26793 ||| INVOKING Heroism.
 26996 | Snake:3  | 26996 ||| INVOKING Heroism.
 27025 | Snake:3  | HP: 25/110 [salamander/+2 trident of pain (5)]
 27026 | Snake:3  | 27026 ||| READING 3 scrolls of teleportation.
 27027 | Snake:3  | 27027 ||| DRINKING 2 potions of heal wounds.
 27029 | Snake:3  | 27029 ||| DRINKING potion of heal wounds.
 27055 | Snake:3  | Found a runed translucent door.
 27056 | Snake:3  | Noticed qw's ghost (adept GrHu)
 27110 | Snake:3  | 27110 ||| Stepping ~*~*~tactically~*~*~ (hiding).
 27117 | Snake:3  | Received a gift from Okawaru
 27250 | Snake:3  | 27250 ||| Stepping ~*~*~tactically~*~*~ (hiding).
 27251 | Snake:3  | 27251 ||| Stepping ~*~*~tactically~*~*~ (hiding).
 27405 | Snake:3  | 27405 ||| Stepping ~*~*~tactically~*~*~ (stealth).
 27494 | Snake:3  | Reached skill level 18 in Shields
 27577 | Snake:3  | Reached skill level 12 in Armour
 27704 | Snake:3  | 27704 ||| Stepping ~*~*~tactically~*~*~ (hiding).
 27705 | Snake:3  | 27705 ||| Stepping ~*~*~tactically~*~*~ (hiding).
 27728 | Snake:3  | 27728 ||| Stepping ~*~*~tactically~*~*~ (stealth).
 27751 | Snake:3  | 27751 ||| Stepping ~*~*~tactically~*~*~ (hiding).
 27752 | Snake:3  | 27752 ||| Stepping ~*~*~tactically~*~*~ (hiding).
 27922 | Snake:3  | Received a gift from Okawaru
 28066 | Snake:3  | 28066 ||| INVOKING Heroism.
 28218 | Snake:3  | 28218 ||| READING scroll labelled JAODUZA XYEXUINIQ.
 28219 | Snake:3  | 28219 ||| PLANNING SWAMP:1-3
 28344 | Swamp:1  | Entered Level 1 of the Swamp
 28370 | Swamp:1  | 28370 ||| INVOKING Heroism.
 28374 | Swamp:1  | 28374 ||| SWAPPING to -1 demon whip of venom.
 28384 | Swamp:1  | 28384 ||| INVOKING Finesse.
 28421 | Swamp:1  | HP: 23/111 [thorn hunter (12)]
 28422 | Swamp:1  | 28422 ||| READING 2 scrolls of teleportation.
 28426 | Swamp:1  | HP: 3/111 [swamp worm[a spriggan druid] (11)]
 28427 | Swamp:1  | Slain by a four-headed hydra

Levels and vault maps discovered:
D:1:      dpeg_arrival_concentric_ovals, layout_basic, minmay_tree_intersection,
          fountainhead, chequers_serial_rivers_small_a
D:2:      minmay_recursive_quarters, layout_basic,
          dreamdust_ecumenical_altar_sealed_demon, uniq_terence
D:3:      layout_basic
D:4:      layout_gridville, lightli_corner_chamber
D:5:      layout_gridville, minitemple, mainiacjoe_overflow_large_starburst,
          serial_shops, shop, nicolae_shop_peninsula, shop, shop,
          nicolae_square_shop, minivault_24
D:6:      layout_loops_ring, cheibrodos_sewer_entry_bend, uniq_edmund
D:7:      layout_loops_ring, grunt_temple_overflow_gold_and_silver,
          minmay_temple_entry_waves, nicolae_lava_and_water
D:8:      layout_basic, lemuel_doored_altar, lightli_bailey_entry_fortress,
          minmay_ruffians, uniq_psyche
D:9:      layout_basic, serial_bayou_lake_a
D:10:     layout_loops_ring, orc_0_dummy
D:11:     layout_basic, minmay_lair_entry_grove, nicolae_trove_entry_diagonal
D:12:     layout_stronghold, serial_shops, nicolae_shop_advertising_works
          [nicolae_subvault_shop_adworks], ebering_ghost_reflecting_pool
D:13:     layout_grid_maze, portal_ice_cave_entry_pillars_1,
          grunt_qazlal_sundering
D:14:     layout_basic, hangedman_vaults_entry_quadrant_bands,
          fiery_altar_vehumet, evilmike_ruin_ashenzari, uniq_agnes
D:15:     grunt_enter_depths_magical_seal, layout_basic, nicolae_triple_integral
Lair:1:   layout_cave_pods, nicolae_volcano_entry_batcave, uniq_maggie
Lair:2:   layout_gridlike, skrybe_swamp_entry_bodies, lemuel_fruit_tree,
          uniq_amaemon, uniq_erica
Lair:3:   layout_regular_city, nicolae_snake_entry_warm_welcome
Lair:4:   layout_roguey, minmay_slime_entry_eyes
Lair:5:   hellmonk_lair_end_abyssal_woods, layout_hall_layers,
          gauntlet_entry_generic, nicolae_lair_grazing_beasts
          [nicolae_sub_lair_graze_edge, nicolae_sub_lair_graze_edge,
          nicolae_sub_lair_graze_edge, nicolae_sub_lair_graze_edge],
          serial_bayou_shore_a, infiniplex_staircase_pool, lemuel_fruit_fields
Swamp:1:  layout_falls_marsh, evilmike_swamp_ruin_house_6, swamp_pool3,
          nicolae_swamp_little_tower
Snake:1:  layout_cave_pods, grunt_ministairs_8, guppyfry_snake_island,
          uniq_jorgrun
Snake:2:  layout_cave_pods, uniq_aizul, uniq_mlioglotl
Snake:3:  layout_gridlike, ebering_ghost_inner_flame, nicolae_integral_box
Orc:1:    layout_caves, serial_shops, shop, minmay_orc_temple_c, uniq_harold
Orc:2:    st_orc_ogre_mass, layout_diamond_mine, ebering_ghost_rock_garden,
          serial_shops, bzr_firewalk

Skill      XL: |  1  2  3  4  5  6  7  8  9 10 11 12 13 14 15 16 17 |
---------------+----------------------------------------------------+-----
Axes           | 2 3 4 5 7 8 10 11 12 13 15 16 | 16.0
Dodging        | 1 2 3 |  3.0
Fighting       | 4 5 6 7 9 10 11 12 13 14 | 14.2
Invocations    | 4 8 10 | 10.0
Shields        | 4 5 6 7 9 13 17 18 | 18.0
Armour         | 4 5 6 9 10 11 12 | 12.0
Throwing       | 1 4 5 6 8 |  8.0

Action                     |  1- 3 |  4- 6 |  7- 9 | 10-12 | 13-15 | 16-18 || total
---------------------------+-------+-------+-------+-------+-------+-------++-------
  Melee: War axe           |   108 |   120 |   376 |   590 |  1340 |   946 ||  3480
         Morningstar       |       |       |       |    22 |       |       ||    22
         Demon whip        |       |       |       |       |    24 |    51 ||    75
  Throw: Boomerang         |       |       |    17 |    84 |    85 |    14 ||   200
         Javelin           |       |       |       |       |    63 |    16 ||    79
 Invoke: Heroism           |       |       |     7 |    24 |    40 |    16 ||    87
         Finesse           |       |       |       |     2 |     1 |     4 ||     7
    Use: Scroll            |     4 |     7 |     7 |     9 |     7 |     7 ||    41
         Potion            |       |     1 |     4 |     2 |       |     3 ||    10
 Armour: Scale mail        |    47 |    68 |   180 |   231 |       |       ||   526
         Chain mail        |       |       |       |    82 |   647 |   396 ||  1125
         Plate armour      |       |       |       |       |    58 |       ||    58
  Dodge: Dodged            |    43 |    54 |   161 |   272 |   407 |   211 ||  1148
  Block: Buckler           |    19 |    14 |    75 |   148 |   160 |       ||   416
         Kite shield       |       |       |       |       |   295 |       ||   295
         Tower shield      |       |       |       |       |    18 |   764 ||   782

Table legend:
 A = Non-vault XP
 B = Vault XP
 C = Vault XP percentage of total XP
 D = Non-vault monster count
 E = Vault monster count
 F = Vault count percentage of total count
                 A         B        C        D         E       F
            +---------+---------+-------+---------+---------+-------
      Total |  149913 |   66917 |  30.9 |     577 |     252 |  30.4
            +---------+---------+-------+---------+---------+-------
        D:1 |      43 |       0 |   0.0 |      19 |       0 |   0.0
        D:2 |      42 |      38 |  47.5 |      23 |       5 |  17.9
        D:3 |     100 |       0 |   0.0 |      18 |       0 |   0.0
        D:4 |     246 |       0 |   0.0 |       9 |       0 |   0.0
        D:5 |     277 |       0 |   0.0 |      14 |       0 |   0.0
        D:6 |     414 |     164 |  28.4 |      11 |       3 |  21.4
        D:7 |    1007 |       0 |   0.0 |      18 |       0 |   0.0
        D:8 |     924 |    1424 |  60.6 |      27 |      17 |  38.6
        D:9 |    3347 |       0 |   0.0 |      40 |       0 |   0.0
       D:10 |     999 |     431 |  30.1 |      14 |       2 |  12.5
       D:11 |    4172 |    1824 |  30.4 |      12 |      10 |  45.5
       D:12 |    8055 |       0 |   0.0 |      25 |       0 |   0.0
       D:13 |   10093 |       0 |   0.0 |      21 |       0 |   0.0
       D:14 |   10954 |    6490 |  37.2 |      27 |      18 |  40.0
       D:15 |   17153 |    4695 |  21.5 |      28 |      11 |  28.2
     Lair:1 |    6537 |     958 |  12.8 |      28 |       4 |  12.5
     Lair:2 |    5839 |    3405 |  36.8 |      21 |       5 |  19.2
     Lair:3 |    6027 |     615 |   9.3 |      18 |       3 |  14.3
     Lair:4 |    5344 |     457 |   7.9 |      28 |       1 |   3.4
     Lair:5 |    4114 |   13655 |  76.8 |      11 |      49 |  81.7
    Swamp:1 |    2130 |       0 |   0.0 |       4 |       0 |   0.0
    Snake:1 |   17867 |    3897 |  17.9 |      39 |       5 |  11.4
    Snake:2 |   21882 |    3036 |  12.2 |      40 |       2 |   4.8
    Snake:3 |   17577 |       0 |   0.0 |      36 |       0 |   0.0
      Orc:1 |    1908 |    6021 |  75.9 |      26 |      33 |  55.9
      Orc:2 |    2862 |   19528 |  87.2 |      20 |      45 |  69.2
      Sewer |       0 |     279 | 100.0 |       0 |      39 | 100.0
            +---------+---------+-------+---------+---------+-------
